 Dungeon Crawl Stone Soup version 0.31-a0-845-g9abc20d24f (webtiles) character file.

Game seed: 17063448031547415654

1435 Kurtz the Cleaver (level 8, 39/54 HPs)
             Began as an Octopode Fighter on Oct 1, 2023.
             Quit the game on level 7 of the Dungeon.
             The game lasted 00:05:02 (5149 turns).

Kurtz the Cleaver (Octopode Fighter)                Turns: 5149, Time: 00:05:03

Health: 39/54      AC:  1    Str: 15    XL:     8   Next: 73%
Magic:  8/8        EV: 19    Int: 10    God:
Gold:   308        SH:  6    Dex: 20    Spells: 6/7 levels left

rFire   . . .        a - +0 war axe
rCold   . . .        b - +0 buckler
rNeg    . . .        (helmet restricted)
rPois   .            (no amulet)
rElec   .            l - ring of wizardry
rCorr   .            n - +5 ring of evasion
SInv    .            A - +6 ring of dexterity
Will    .....        (no ring)
Stlth   +++          (no ring)
HPRegen 0.29/turn    (no ring)
MPRegen 0.11/turn    (no ring)
                     (no ring)

%: wizardry (x1)
@: weakened
A: almost no armour, amphibious, 8 rings, camouflage 1, gelatinous body 1,
(nimble swimmer 1), tentacles
a: no special abilities


You were on level 7 of the Dungeon.
You visited 1 branch of the dungeon, and saw 7 of its levels.
You also visited: Sewer.

You collected 308 gold pieces.

Inventory:

Hand Weapons
 a - a +0 war axe (weapon)
 v - a +0 flail of protection
Armour
 b - a +0 buckler (worn)
Jewellery
 l - a ring of wizardry (left tentacle)
 n - a +5 ring of evasion (right tentacle)
 A - a +6 ring of dexterity (on tentacle)
Talismans
 w - a beast talisman
Wands
 y - a wand of roots (5)
Scrolls
 e - 3 scrolls of noise
 f - a scroll of fear
 g - 5 scrolls of identify
 k - 3 scrolls of enchant armour
 o - 3 scrolls of fog
 p - 2 scrolls of blinking
 q - 2 scrolls of teleportation
 z - a scroll of summoning {unknown}
Potions
 c - a potion of might
 d - 3 potions of heal wounds {unknown}
 h - 2 potions of lignification {unknown}
 i - 3 potions of berserk rage {unknown}
 j - 3 potions of curing {unknown}
 m - 2 potions of attraction {unknown}
 r - 4 potions of haste {unknown}
 t - a potion of brilliance {unknown}
 u - a potion of invisibility {unknown}
 x - 2 potions of magic {unknown}


   Skills:
 * Level 4.7 Fighting
 * Level 9.6 Axes
 - Level 3.0 Dodging
 * Level 4.2 Shields


You had 6 spell levels left.
You knew the following spells:

 Your Spells              Type           Power      Damage    Failure   Level
a - Foxfire               Conj/Fire      0%         2x1d4     19%         1

Your spell library contained the following spells:

 Spells                   Type           Power      Damage    Failure   Level
 Summon Forest            Summ/Tloc      0%         N/A       99%         5
 Eringya's Noxious Bog    Tmut/Pois      0%         4d6       100%        6
 Plasma Beam              Fire/Air       0%         2x1d10    100%        6
 Starburst                Conj/Fire      0%         6d3       100%        6
 Summon Hydra             Summ           0%         N/A       100%        7


Dungeon Overview and Level Annotations

Branches:
Dungeon (7/15)             Temple (0/1) D:6           Sewer (visited)

Altars:
Gozag
Wu Jian
Xom

Annotations:
D:4 3 runed translucent doors, beavisfan's ghost, novice FeCK


Innate Abilities, Weirdness & Mutations

You cannot wear most types of armour.
You are amphibious.
You can wear up to eight rings at the same time.
Your skin changes colour to match your surroundings (Stealth+).
Your rubbery body absorbs attacks. (AC +1, EV +1)
((You are camouflaged when in or above water. (Stealth+)))
You have tentacles for arms and can constrict up to eight enemies at once.


Message History

You slash the orc wizard! You grab the orc wizard.
The orc wizard is severely wounded.
You constrict the orc wizard, but do no damage.
The orc wizard completely misses you.
You hit the orc wizard but do no damage.
The orc wizard is severely wounded.
You constrict the orc wizard.
You kill the orc wizard!
The orc hits you with a +0 club.
You hit the orc. You grab the orc. You squeeze the orc.
The orc is almost dead.
You constrict the orc.
You kill the orc!
No target in view!
Items here: )))) [[[ ††.
No target in view!
No target in view!
Items here: )))) [[[ ††.
There is a stone staircase leading down here.
Found a stone staircase leading up.
Found an escape hatch in the floor.
There is an escape hatch in the floor here.
You slide downwards.
The hatch slams shut behind you.
You hear the roar of battle.
There is an entrance to a bailey on this level.
Hurry and find it before the portal closes forever!
You hear the hiss of flowing sand.
There is an entrance to an ossuary on this level.
Hurry and find it before the portal is buried!
You hear the faint creaking of a distant portcullis.
You hear the slow hiss of a very distant avalanche of sand.
The orc shouts!
The gnoll bouda shouts!
The gnoll shouts!
You hear a shout! x2
The gnoll shouts! x2; You hear a loud, deep croak!
Found a runed falchion.
The gnoll hits you with a +0 halberd! The gnoll hits you with a +0 spear.
The gnoll bouda barks out a call to the hunt!
The gnolls pick up the pace!
You block the gnoll's attack. The gnoll closely misses you.
The gnoll bouda gazes fiercely through you!
You feel your attacks grow feeble.
The steam dragon closely misses you. x2; You block the gnoll's attack.
Are you sure you want to abandon this character and quit the game? (Confirm with "yes".)

*****,************,,,,,,,,
*,*******## *,,,,,,,,
****,,,,,,,,.# *,,,,,,,,
*,,,,,***###.####,,,,,,,,
*,,...####.o....#.,,,,,,,
*,,.......g.......,,,,,,,
*,,...####g.....##*****,,
*****,*#..g..##.#.,,,,*,,
*******,*#@###.#*,*.,,,,*,,
*,,........D....#,+,,_,,*,,
*,,.........##).#,*,,,,,*,,
*,,.......#.#,,...*,,,,,*,,
*,,.......*.+,,...*******,,
*,,.......*##,,,...,,,,,,,,
*,,.......* *,,,,,,,,***,,,
***#######* *,,,,,,,** ****
*,,,,,,,* *


You could see a steam dragon, a gnoll bouda, 2 gnolls and an orc.

Vanquished Creatures
  Sigmund (D:6)
  Edmund (D:4)
  2 black bears
  An orc warrior (D:5)
  A phantom (D:5)
  A bullfrog (Sewer)
  Blork the orc (D:4)
  3 scorpions
  5 hounds
  An orc priest (D:5)
  3 iguanas
  2 orc wizards (D:6)
  9 adders
  2 worms (D:3)
  2 dart slugs (D:3)
  10 orcs
  12 ball pythons
  16 endoplasms
  8 giant cockroaches
  6 hobgoblins
  3 jackals (D:4)
  11 quokkas
  7 bats
  10 frilled lizards (Sewer)
  3 goblins
  A kobold (D:3)
  7 rats
129 creatures vanquished.

Vanquished Creatures (others)
  21 foxfires
21 creatures vanquished.

Grand Total: 150 creatures vanquished

Notes
Turn   | Place    | Note
-------+----------+-------------------------------------------
     0 | D:1      | Kurtz the Octopode Fighter began the quest for the Orb.
     0 | D:1      | Reached XP level 1. HP: 16/16 MP: 1/1
   497 | D:1      | Reached XP level 2. HP: 21/21 MP: 2/2
   698 | D:2      | Reached skill level 3 in Axes
   790 | D:2      | Reached XP level 3. HP: 26/26 MP: 3/3
   999 | D:2      | Found a faded altar of an unknown god.
  1131 | D:3      | Noticed a black bear
  1137 | D:3      | Reached skill level 4 in Axes
  1145 | D:3      | Killed a black bear
  1146 | D:3      | Reached skill level 5 in Axes
  1146 | D:3      | Reached XP level 4. HP: 23/31 MP: 4/4
  1146 | D:3      | Reached XP level 5. HP: 27/36 MP: 5/5
  1343 | D:3      | Found a glowing drain.
  1372 | Sewer    | Entered a sewer
  1611 | Sewer    | Reached skill level 6 in Axes
  1611 | Sewer    | Reached XP level 6. HP: 41/42 MP: 6/6
  1615 | Sewer    | Learned a level 1 spell: Foxfire
  2456 | D:4      | Found an ornate altar of the Wu Jian Council.
  2624 | D:4      | Noticed Blork the orc
  2634 | D:4      | Killed Blork the orc
  2635 | D:4      | Reached skill level 7 in Axes
  2635 | D:4      | Reached XP level 7. HP: 6/46 MP: 5/7
  3173 | D:4      | Noticed Edmund
  3186 | D:4      | Killed Edmund
  3355 | D:4      | Found a runed translucent gate.
  3356 | D:4      | Found a runed translucent gate.
  3357 | D:4      | Found a runed translucent gate.
  3358 | D:4      | Found an opulent altar of Gozag.
  3360 | D:4      | Noticed beavisfan's ghost (novice FeCK)
  3378 | D:4      | Reached skill level 8 in Axes
  3849 | D:5      | Entered Level 5 of the Dungeon
  3919 | D:5      | Reached XP level 8. HP: 40/54 MP: 8/8
  4155 | D:5      | Found a shimmering altar of Xom.
  4156 | D:5      | Found a shimmering altar of Xom.
  4177 | D:5      | Found a shimmering altar of Xom.
  4178 | D:5      | Found a shimmering altar of Xom.
  4178 | D:5      | Found a shimmering altar of Xom.
  4190 | D:5      | Found a shimmering altar of Xom.
  4191 | D:5      | Found a shimmering altar of Xom.
  4355 | D:5      | Reached skill level 9 in Axes
  4997 | D:6      | Found a staircase to the Ecumenical Temple.
  5024 | D:6      | Noticed Sigmund
  5031 | D:6      | Killed Sigmund
  5149 | D:7      | Quit the game

Illustrated notes

Levels and vault maps discovered:
D:1:      lightli_molten_gateway, layout_basic, serial_rivers,
          chequers_serial_rivers_micro_d, chequers_serial_rivers_micro_e,
          chequers_serial_rivers_marsh, chequers_serial_rivers_micro_a,
          chequers_serial_rivers_large_b, chequers_serial_rivers_room_b,
          dreamdust_mushroom_princess
D:2:      layout_rooms, ebering_ecumenical_altar_box
D:3:      wander_river, layout_basic, cheibrodos_sewer_entry_bend,
          grunt_ministairs_6
D:4:      layout_loops_ring, nicolae_wu_jian_glorious_leap, ebering_ghost_gozag,
          serial_bayou_lagoon_a, chequers_avenue, chequers_jeans,
          grunt_ministairs_14, minmay_puff, uniq_edmund, uniq_blork_the_orc
D:5:      layout_basic, xom_redecorated, uniq_crazy_yiuf_cottage
D:6:      layout_basic, minmay_temple_entry_from_below_a, uniq_sigmund,
          uniq_jeremiah, uniq_grinder
D:7:      layout_basic, amcnicky_altar_gilded, enter_ossuary_3, serial_shops,
          nicolae_shop_just_a_little_nook, enter_bailey_2,
          hellmonk_guarded_unrand_gyre_and_gimble

Skill      XL: |  1  2  3  4  5  6  7  8 |
---------------+-------------------------+-----
Axes           | 3 5 6 7 8 9 |  9.6
Fighting       | 4 |  4.7
Shields        | 4 |  4.2
Dodging        | |  3.0

Action                     |  1- 3 |  4- 6 |  7- 9 || total
---------------------------+-------+-------+-------++-------
  Melee: War axe           |    50 |    98 |    92 ||   240
         Constrict         |    13 |    29 |    19 ||    61
         Tentacles         |    11 |    20 |    27 ||    58
         Punch             |       |     1 |     3 ||     4
   Cast: Foxfire           |       |     7 |     8 ||    15
    Use: Scroll            |       |       |     8 ||     8
         Potion            |       |       |     1 ||     1
   Stab: Sleeping          |     6 |     9 |     2 ||    17
         Distracted        |       |     2 |       ||     2
 Armour: Skin              |    20 |    27 |    37 ||    84
  Dodge: Dodged            |    37 |    66 |    61 ||   164
  Block: Buckler           |     9 |    17 |    18 ||    44

Table legend: (Time is in decaauts)
 A = Elapsed time spent in this place.
 B = Non-inter-level travel time spent in this place.
 C = Inter-level travel time spent in this place.
 D = Time resting spent in this place.
 E = Time spent auto-exploring this place.
 F = Levels seen in this place.
 G = Mean time per level.
                   A        B        C        D        E       F      G
               +--------+--------+--------+--------+--------+-----+--------+
         Total |   5201 |   4947 |    254 |    381 |   3508 |   8 |  650.1 |
       Dungeon |   4722 |   4468 |    254 |    381 |   3202 |   7 |  674.6 |
         Sewer |    478 |    478 |      0 |      0 |    306 |   1 |  478.0 |
               +--------+--------+--------+--------+--------+-----+--------+

Top non-repeatable levels by time:
     D:4: 1454 daAuts
     D:5: 1150 daAuts
     D:3: 818 daAuts
     D:1: 666 daAuts
   Sewer: 478 daAuts
     D:2: 477 daAuts
     D:6: 142 daAuts
     D:7: 12 daAuts
